[Event "DMP Ekstraliga 2020"]
[Site "Krakow"]
[Date "2020.08.31"]
[Round "6.7"]
[White "Antoniewski, Rafal"]
[Black "Klekowski, Maciej"]
[Result "1-0"]
[ECO "E46"]
[WhiteElo "2490"]
[BlackElo "2511"]
[Annotator "ChessBase"]
[PlyCount "111"]
[EventDate "2020.08.26"]
[EventType "team-tourn"]
[EventCountry "POL"]
[SourceTitle "playchess.com"]
[Source "ChessBase"]
[SourceQuality "1"]
[WhiteTeam "Wrzos Miedzyborow"]
[BlackTeam "UKS 21 Podlesie"]
[TimeControl "30/5400+30:1800+30"]

1. d4 Nf6 2. c4 e6 3. Nc3 Bb4 4. e3 O-O 5. Nge2 c6 6. a3 Ba5 7. b4 Bc7 8. Bb2 d5 9. Ng3 Nbd7 10. Qc2 a6 11. e4 e5 12. dxe5 Bxe5 13. cxd5 cxd5 14. exd5 Nb6 15. Be2 Bg4 16. f3 Rc8 17. Qd2 Bd7 18. f4 Bxc3 19. Bxc3 Nfxd5 20. Bd4 Nc4 21. Bxc4 Rxc4 22. O-O Nc7 23. Bxg7 Kxg7 24. Rad1 Re8 25. Qxd7 Qxd7 26. Rxd7 Kf6 27. Nh5+ Kg6 28. g4 f5 29. Rd6+ Ne6 30. Ng3 Kf7 31. Nxf5 Rxf4 32. h3 Rxf1+ 33. Kxf1 h5 34. Rb6 Rd8 35. Rxb7+ Kf6 36. Rb6 hxg4 37. hxg4 Ke5 38. Rxa6 Nf4 39. Ra7 Ke4 40. Kf2 Nh3+ 41. Kg3 Rd3+ 42. Kh4 Kf4 43. Ng3 Ng1 44. Nh5+ Ke5 45. Ra5+ Kd6 46. Kg5 Nf3+ 47. Kf4 Nd2 48. Kf5 Nc4 49. Ra6+ Ke7 50. a4 Nd6+ 51. Ke5 Nf7+ 52. Ke4 Rb3 53. Ra7+ Ke6 54. Nf4+ Kf6 55. Nd5+ Ke6 56. Re7+ 1-0

[Event "DMP Ekstraliga 2020"]
[Site "Krakow"]
[Date "2020.08.31"]
[Round "6.8"]
[White "Teclaf, Pawel"]
[Black "Cyborowski, Lukasz"]
[Result "1/2-1/2"]
[ECO "C83"]
[WhiteElo "2454"]
[BlackElo "2508"]
[Annotator "ChessBase"]
[PlyCount "49"]
[EventDate "2020.08.26"]
[EventType "team-tourn"]
[EventCountry "POL"]
[SourceTitle "playchess.com"]
[Source "ChessBase"]
[SourceQuality "1"]
[WhiteTeam "UKS 21 Podlesie"]
[BlackTeam "Wrzos Miedzyborow"]
[TimeControl "30/5400+30:1800+30"]

1. e4 e5 2. Nf3 Nc6 3. Bb5 a6 4. Ba4 Nf6 5. O-O Nxe4 6. d4 b5 7. Bb3 d5 8. dxe5 Be6 9. c3 Be7 10. Qe2 Nc5 11. Bc2 Bg4 12. Rd1 Qd7 13. h3 Bh5 14. Nbd2 Rd8 15. Nf1 Qe6 16. Ng3 Bxf3 17. Qxf3 Nxe5 18. Qe3 g6 19. Ne2 Nc4 20. Qf3 Qf6 21. Rxd5 Qxf3 22. Rxd8+ Kxd8 23. gxf3 Bf6 24. a4 Kd7 25. axb5 1/2-1/2

[Event "DMP Ekstraliga 2020"]
[Site "Krakow"]
[Date "2020.08.31"]
[Round "6.9"]
[White "Nurkiewicz, Maciej"]
[Black "Barski, Radoslaw"]
[Result "1-0"]
[ECO "E95"]
[WhiteElo "2326"]
[BlackElo "2444"]
[Annotator "ChessBase"]
[PlyCount "125"]
[EventDate "2020.08.26"]
[EventType "team-tourn"]
[EventCountry "POL"]
[SourceTitle "playchess.com"]
[Source "ChessBase"]
[SourceQuality "1"]
[WhiteTeam "Wrzos Miedzyborow"]
[BlackTeam "UKS 21 Podlesie"]
[TimeControl "30/5400+30:1800+30"]

1. d4 Nf6 2. c4 g6 3. Nc3 Bg7 4. e4 d6 5. Nf3 O-O 6. Be2 Nbd7 7. O-O e5 8. Re1 c6 9. b3 exd4 10. Nxd4 Re8 11. Bf3 Ne5 12. Bb2 a6 13. h3 b5 14. cxb5 cxb5 15. Nc6 Nxc6 16. e5 Nxe5 17. Bxa8 Bxh3 18. Bf3 Be6 19. Ne4 Nxe4 20. Bxe4 d5 21. Bc2 Qg5 22. Kf1 Qh4 23. Bxe5 Qh1+ 24. Ke2 Bg4+ 25. Kd3 Qxg2 26. Bxg7 Bxd1 27. Rxe8+ Kxg7 28. Rxd1 h5 29. Ke2 h4 30. Re3 f5 31. Rd4 Qh1 32. Rd1 Qg2 33. Rd4 Qg5 34. Rxd5 Qg4+ 35. Kf1 h3 36. Rg3 h2 37. Rd7+ Kf6 38. Rxg4 h1=Q+ 39. Rg1 Qc6 40. Rd2 g5 41. Ke2 g4 42. Kd1 Qc3 43. Rg3 Qa1+ 44. Ke2 Qh1 45. Rgd3 Kg5 46. Rd1 Qe4+ 47. Kd2 Qf4+ 48. Kc3 Qe5+ 49. Rd4 f4 50. Kb2 Kh4 51. Kb1 Kh3 52. Re4 Qg5 53. Rdd4 g3 54. fxg3 fxg3 55. Rh4+ Kg2 56. Rhg4 Qf6 57. Rd2+ Kh3 58. Rg6 Qf1+ 59. Kb2 Qf7 60. a3 a5 61. Rd8 a4 62. b4 g2 63. Rh8+ 1-0

[Event "DMP Ekstraliga 2020"]
[Site "Krakow"]
[Date "2020.08.31"]
[Round "6.10"]
[White "Kosakowski, Jakub"]
[Black "Bartel, Michal"]
[Result "1-0"]
[ECO "C97"]
[WhiteElo "2418"]
[BlackElo "2274"]
[Annotator "ChessBase"]
[PlyCount "79"]
[EventDate "2020.08.26"]
[EventType "team-tourn"]
[EventCountry "POL"]
[SourceTitle "playchess.com"]
[Source "ChessBase"]
[SourceQuality "1"]
[WhiteTeam "UKS 21 Podlesie"]
[BlackTeam "Wrzos Miedzyborow"]
[TimeControl "30/5400+30:1800+30"]

1. e4 e5 2. Nf3 Nc6 3. Bb5 a6 4. Ba4 Nf6 5. O-O Be7 6. Re1 b5 7. Bb3 d6 8. c3 O-O 9. h3 Na5 10. Bc2 c5 11. d4 Qc7 12. Nbd2 Bd7 13. d5 c4 14. Nf1 Nb7 15. Ng3 Nc5 16. Nh2 a5 17. Qf3 b4 18. Nf5 Bxf5 19. Qxf5 Rab8 20. Qf3 Nfd7 21. Nf1 Nb6 22. Bd2 Nba4 23. cxb4 axb4 24. b3 Nb2 25. Reb1 c3 26. Bc1 Ra8 27. a3 Nxb3 28. Bxb3 bxa3 29. Ra2 Qc5 30. Bc2 Ra5 31. Ng3 g6 32. Ne2 Rc8 33. Rba1 Qb4 34. h4 Rc4 35. h5 Rd4 36. Qxc3 Qxc3 37. Nxc3 Rc4 38. Rxa3 Rxc3 39. Rxa5 Rxc2 40. R5a2 1-0

[Event "DMP Ekstraliga 2020"]
[Site "Krakow"]
[Date "2020.08.31"]
[Round "6.11"]
[White "Sliwerski, Radoslaw"]
[Black "Walter, Szymon"]
[Result "1/2-1/2"]
[ECO "A96"]
[WhiteElo "2042"]
[BlackElo "2288"]
[Annotator "ChessBase"]
[PlyCount "126"]
[EventDate "2020.08.26"]
[EventType "team-tourn"]
[EventCountry "POL"]
[SourceTitle "playchess.com"]
[Source "ChessBase"]
[SourceQuality "1"]
[WhiteTeam "Wrzos Miedzyborow"]
[BlackTeam "UKS 21 Podlesie"]
[TimeControl "30/5400+30:1800+30"]

1. d4 e6 2. c4 f5 3. g3 Nf6 4. Bg2 Be7 5. Nf3 O-O 6. O-O d6 7. b3 a5 8. Bb2 a4 9. b4 Ne4 10. a3 Bf6 11. Nc3 Qe8 12. Qc2 Nxc3 13. Bxc3 e5 14. e4 Nc6 15. dxe5 dxe5 16. b5 Na5 17. Nd2 f4 18. gxf4 exf4 19. e5 Be7 20. Be4 Qh5 21. Kh1 Be6 22. Rg1 c6 23. Bxa5 Rxa5 24. Qc3 Raa8 25. bxc6 bxc6 26. Bxc6 Rac8 27. Bb7 Rc7 28. Bf3 Qh4 29. Qa5 Rc5 30. Qb6 Rxe5 31. Rae1 Rxe1 32. Rxe1 Bf7 33. Rg1 Rd8 34. Ne4 Qh3 35. Bg4 Qxa3 36. c5 h5 37. Be2 Qa2 38. Qh6 Qb2 39. Bxh5 Bxh5 40. Qxh5 a3 41. c6 a2 42. c7 a1=Q 43. cxd8=Q+ Bxd8 44. Qd5+ Kh7 45. Rxa1 Qxa1+ 46. Kg2 Qa5 47. Ng5+ Kg6 48. Qxa5 Bxa5 49. Ne6 Kf6 50. Nxf4 g5 51. Nd5+ Kg6 52. Kf3 Bd2 53. Kg4 Bc1 54. h3 Bd2 55. Ne3 Bb4 56. Nc4 Bc3 57. Nd6 Bb4 58. Ne4 Be7 59. Ng3 Bc5 60. Kf3 Bb6 61. Ke2 Bd4 62. f3 Be5 63. Kf2 Bd4+ 1/2-1/2

[Event "DMP Ekstraliga 2020"]
[Site "Krakow"]
[Date "2020.08.31"]
[Round "6.12"]
[White "Sliwicka, Alicja"]
[Black "Kulon, Klaudia"]
[Result "1-0"]
[ECO "C44"]
[WhiteElo "2317"]
[BlackElo "2336"]
[Annotator "ChessBase"]
[PlyCount "107"]
[EventDate "2020.08.26"]
[EventType "team-tourn"]
[EventCountry "POL"]
[SourceTitle "playchess.com"]
[Source "ChessBase"]
[SourceQuality "1"]
[WhiteTeam "UKS 21 Podlesie"]
[BlackTeam "Wrzos Miedzyborow"]
[TimeControl "30/5400+30:1800+30"]

1. e4 e5 2. Nf3 Nc6 3. d4 exd4 4. Nxd4 Nf6 5. Nxc6 bxc6 6. Qe2 a5 7. Nc3 Bb4 8. Bd2 O-O 9. O-O-O Re8 10. f3 d5 11. Qf2 Rb8 12. Bd3 Qd6 13. Nb1 dxe4 14. Bxe4 Nxe4 15. fxe4 Bg4 16. Rde1 Be6 17. a3 Bxd2+ 18. Qxd2 Qe5 19. Qc3 Qg5+ 20. Qd2 Qb5 21. Qc3 Qg5+ 22. Qd2 Qb5 23. Qc3 Red8 24. Nd2 Qg5 25. h4 Qf4 26. g3 Qd6 27. Re3 c5 28. Rd3 Qb6 29. Rxd8+ Rxd8 30. Nc4 Qc6 31. Nxa5 Qxe4 32. Re1 Qd5 33. b3 f6 34. Nb7 Ra8 35. Qxc5 Bf7 36. Qxc7 Qd4 37. Kb1 h5 38. Nd6 Bxb3 39. cxb3 Qd3+ 40. Kc1 Qxg3 41. Qf7+ Kh7 42. Qxh5+ Kg8 43. Qd5+ Kh7 44. Qe4+ g6 45. Qe7+ Kh6 46. Qe3+ Qxe3+ 47. Rxe3 Rxa3 48. Kb2 Ra6 49. Re6 Kh5 50. Rxf6 Rb6 51. Kc3 Rc6+ 52. Kd4 Rc1 53. b4 Rg1 54. Rf4 1-0

[Event "DMP Ekstraliga 2020"]
[Site "Krakow"]
[Date "2020.08.31"]
[Round "6.15"]
[White "Gumularz, Szymon"]
[Black "Warakomski, Tomasz"]
[Result "1/2-1/2"]
[ECO "D10"]
[WhiteElo "2506"]
[BlackElo "2515"]
[Annotator "ChessBase"]
[PlyCount "74"]
[EventDate "2020.08.26"]
[EventType "team-tourn"]
[EventCountry "POL"]
[SourceTitle "playchess.com"]
[Source "ChessBase"]
[SourceQuality "1"]
[WhiteTeam "Polonia Wroclaw"]
[BlackTeam "Hetman Plock"]
[TimeControl "30/5400+30:1800+30"]

1. d4 d5 2. c4 c6 3. Nc3 Nf6 4. cxd5 cxd5 5. Bf4 Nc6 6. e3 Bf5 7. Qb3 Na5 8. Qa4+ Bd7 9. Qc2 Rc8 10. Bd3 Nc6 11. a3 Bg4 12. Nge2 e6 13. Ng3 Bh5 14. Nxh5 Nxh5 15. Be5 Nf6 16. Qb3 Nxe5 17. dxe5 Nd7 18. Qxb7 Rc7 19. Qa6 Nxe5 20. Qa4+ Nd7 21. e4 dxe4 22. Bb5 f5 23. Rd1 Bc5 24. Rxd7 Rxd7 25. Qc4 Bxf2+ 26. Kxf2 Qb6+ 27. Kf1 Ke7 28. Bxd7 Kxd7 29. Na4 Qd6 30. Qb5+ Ke7 31. Qc5 Rc8 32. Qxd6+ Kxd6 33. Nc3 Rb8 34. Nd1 Rc8 35. Nc3 Rb8 36. Nd1 Rc8 37. Nc3 Ke5 1/2-1/2

[Event "DMP Ekstraliga 2020"]
[Site "Krakow"]
[Date "2020.08.31"]
[Round "6.16"]
[White "Grabarczyk, Miroslaw"]
[Black "Tazbir, Marcin"]
[Result "1/2-1/2"]
[ECO "E69"]
[WhiteElo "2368"]
[BlackElo "2510"]
[Annotator "ChessBase"]
[PlyCount "116"]
[EventDate "2020.08.26"]
[EventType "team-tourn"]
[EventCountry "POL"]
[SourceTitle "playchess.com"]
[Source "ChessBase"]
[SourceQuality "1"]
[WhiteTeam "Hetman Plock"]
[BlackTeam "Polonia Wroclaw"]
[TimeControl "30/5400+30:1800+30"]

1. d4 Nf6 2. c4 g6 3. Nf3 Bg7 4. g3 O-O 5. Bg2 d6 6. Nc3 Nbd7 7. O-O e5 8. e4 c6 9. h3 Qa5 10. Be3 b5 11. cxb5 cxb5 12. a3 b4 13. axb4 Qxb4 14. Qc2 a5 15. Ra4 Qb8 16. dxe5 dxe5 17. Rfa1 Qc7 18. Nd2 Nb6 19. Rxa5 Rxa5 20. Rxa5 Be6 21. Rc5 Qd8 22. Nb5 Nfd7 23. Rc6 Na8 24. Qa4 Qb8 25. Qa6 Nf6 26. Bc5 Rc8 27. Bd6 Rxc6 28. Qxc6 Qe8 29. Qxe8+ Nxe8 30. Bb8 Nb6 31. Nc7 Nxc7 32. Bxc7 Na4 33. b4 Bh6 34. Nb1 Ba2 35. Na3 Bf8 36. Ba5 Nc3 37. Bf1 Nxe4 38. Bc4 Nc3 39. Ba6 Nd5 40. Bc4 Nxb4 41. Bxb4 Bxb4 42. Bxa2 Bxa3 43. f3 Kg7 44. Kf2 Bc1 45. Bc4 f5 46. Bd5 Kf6 47. Bg8 Ba3 48. f4 Bc5+ 49. Ke2 e4 50. h4 h6 51. Bc4 g5 52. hxg5+ hxg5 53. fxg5+ Kxg5 54. Kf1 Kf6 55. Ba6 Ke5 56. Bc8 Bb6 57. Bd7 Kf6 58. Bb5 f4 1/2-1/2

[Event "DMP Ekstraliga 2020"]
[Site "Krakow"]
[Date "2020.08.31"]
[Round "6.17"]
[White "Wieczorek, Oskar"]
[Black "Sabuk, Piotr"]
[Result "1-0"]
[ECO "C18"]
[WhiteElo "2493"]
[BlackElo "2377"]
[Annotator "ChessBase"]
[PlyCount "61"]
[EventDate "2020.08.26"]
[EventType "team-tourn"]
[EventCountry "POL"]
[SourceTitle "playchess.com"]
[Source "ChessBase"]
[SourceQuality "1"]
[WhiteTeam "Polonia Wroclaw"]
[BlackTeam "Hetman Plock"]
[TimeControl "30/5400+30:1800+30"]

1. e4 e6 2. d4 d5 3. Nc3 Bb4 4. e5 c5 5. a3 Bxc3+ 6. bxc3 Ne7 7. Qg4 cxd4 8. Qxg7 Rg8 9. Qxh7 Qc7 10. Ne2 Nbc6 11. h4 Bd7 12. f4 dxc3 13. h5 O-O-O 14. Qd3 Nf5 15. Rg1 Rg4 16. g3 a6 17. Bh3 Nxe5 18. Qxc3 Qxc3+ 19. Nxc3 Nf3+ 20. Kf2 Nxg1 21. Bxg4 Rg8 22. Bxf5 exf5 23. Nxd5 Nh3+ 24. Kg2 Bc6 25. c4 Rh8 26. Kxh3 Rxh5+ 27. Kg2 b5 28. Kg1 Kd8 29. Be3 bxc4 30. Rd1 Rh3 31. Nb4+ 1-0

[Event "DMP Ekstraliga 2020"]
[Site "Krakow"]
[Date "2020.08.31"]
[Round "6.18"]
[White "Bulmaga, Irina"]
[Black "Zawadzka, Jolanta"]
[Result "1-0"]
[ECO "C43"]
[WhiteElo "2434"]
[BlackElo "2419"]
[Annotator "ChessBase"]
[PlyCount "143"]
[EventDate "2020.08.26"]
[EventType "team-tourn"]
[EventCountry "POL"]
[SourceTitle "playchess.com"]
[Source "ChessBase"]
[SourceQuality "1"]
[WhiteTeam "Hetman Plock"]
[BlackTeam "Polonia Wroclaw"]
[TimeControl "30/5400+30:1800+30"]

1. e4 e5 2. Nf3 Nf6 3. d4 Nxe4 4. Bd3 Nc6 5. O-O d5 6. dxe5 Bg4 7. Nc3 Nxc3 8. bxc3 Be7 9. Re1 O-O 10. h3 Bh5 11. Rb1 Rb8 12. Rb5 Kh8 13. Bf5 d4 14. g4 Bg6 15. Nxd4 Nxd4 16. Qxd4 Bxf5 17. gxf5 Qc8 18. Qe4 c6 19. Rb3 Qc7 20. c4 Qa5 21. Rg3 Rbd8 22. Bb2 Rg8 23. Bc3 Bb4 24. Bxb4 Qxb4 25. e6 Qe7 26. Rd3 g6 27. Rxd8 Rxd8 28. fxg6 fxe6 29. gxh7 Re8 30. Re3 e5 31. Kh1 Qxh7 32. f4 Qh5 33. fxe5 Rd8 34. Qg4 Qh6 35. Rg3 c5 36. e6 Re8 37. Qg6 Qxg6 38. Rxg6 Kh7 39. Rf6 b6 40. a4 Kg7 41. Rf7+ Kg6 42. Rxa7 Rxe6 43. a5 bxa5 44. Rxa5 Re5 45. Kg2 Kf6 46. Kf3 Rf5+ 47. Ke4 Re5+ 48. Kd3 Rh5 49. Kd2 Rxh3 50. Rxc5 Ke6 51. Rd5 Rg3 52. Rd3 Rg8 53. Kc3 Rc8 54. Rd5 Rb8 55. Kd4 Rh8 56. Kc5 Rc8+ 57. Kb4 Rb8+ 58. Rb5 Rh8 59. Rb7 Rh2 60. Kb5 Rxc2 61. c5 Rc1 62. Kb6 Rb1+ 63. Kc7 Rc1 64. c6 Rh1 65. Rb2 Rc1 66. Rd2 Ke7 67. Re2+ Kf7 68. Kd7 Rd1+ 69. Kc8 Rc1 70. c7 Kf6 71. Re8 Kf7 72. Rd8 1-0

[Event "DMP Ekstraliga 2020"]
[Site "Krakow"]
[Date "2020.08.31"]
[Round "6.19"]
[White "Huschenbeth, Niclas"]
[Black "Moranda, Wojciech"]
[Result "0-1"]
[ECO "B48"]
[WhiteElo "2605"]
[BlackElo "2605"]
[Annotator "ChessBase"]
[PlyCount "106"]
[EventDate "2020.08.26"]
[EventType "team-tourn"]
[EventCountry "POL"]
[SourceTitle "playchess.com"]
[Source "ChessBase"]
[SourceQuality "1"]
[WhiteTeam "Silesia Raciborz"]
[BlackTeam "Wieza Pegow"]
[TimeControl "30/5400+30:1800+30"]

1. e4 c5 2. Nf3 e6 3. d4 cxd4 4. Nxd4 Nc6 5. Nc3 Qc7 6. Be3 a6 7. Qf3 Nf6 8. Nxc6 bxc6 9. Qg3 Qxg3 10. hxg3 Rb8 11. b3 d5 12. Bd3 Bb4 13. Bd2 h6 14. f3 Nd7 15. Na4 Bd6 16. g4 f6 17. g5 fxg5 18. Bxg5 Kf7 19. Be3 Bb7 20. f4 c5 21. e5 Be7 22. O-O g6 23. c4 d4 24. Bd2 h5 25. Kh2 Rbf8 26. g3 Rhg8 27. Rae1 Ke8 28. Nb2 Kd8 29. Bc2 Kc8 30. a3 Bd8 31. b4 h4 32. g4 g5 33. Kh3 gxf4 34. Bxf4 cxb4 35. axb4 Bg2+ 36. Kxg2 Rxg4+ 37. Kh2 Rgxf4 38. Rxf4 Rxf4 39. Nd3 Rf3 40. Re4 Re3 41. Rxe3 dxe3 42. Bd1 Nxe5 43. Nxe5 Bc7 44. Kg2 Bxe5 45. Bg4 Bc3 46. Bxe6+ Kc7 47. Kf3 Bxb4 48. Kxe3 Bc5+ 49. Kf3 a5 50. Bf5 a4 51. Kg4 a3 52. Bb1 Kd6 53. Kxh4 Ke5 0-1

[Event "DMP Ekstraliga 2020"]
[Site "Krakow"]
[Date "2020.08.31"]
[Round "6.20"]
[White "Dziuba, Marcin"]
[Black "Nasuta, Grzegorz"]
[Result "1/2-1/2"]
[ECO "D11"]
[WhiteElo "2590"]
[BlackElo "2553"]
[Annotator "ChessBase"]
[PlyCount "59"]
[EventDate "2020.08.26"]
[EventType "team-tourn"]
[EventCountry "POL"]
[SourceTitle "playchess.com"]
[Source "ChessBase"]
[SourceQuality "1"]
[WhiteTeam "Wieza Pegow"]
[BlackTeam "Silesia Raciborz"]
[TimeControl "30/5400+30:1800+30"]

1. d4 d5 2. c4 c6 3. Nf3 Nf6 4. e3 e6 5. Bd3 dxc4 6. Bxc4 Nbd7 7. O-O Bd6 8. Qc2 O-O 9. e4 e5 10. Be3 Qe7 11. Nbd2 exd4 12. Bxd4 Ne5 13. Rae1 Nxc4 14. Nxc4 Bb4 15. Re3 Be6 16. a3 Bc5 17. b4 Bxd4 18. Nxd4 Rad8 19. Nxe6 Qxe6 20. e5 Nd5 21. Rh3 Qg6 22. Qxg6 hxg6 23. f4 f6 24. Rhf3 Rfe8 25. Re1 Nb6 26. Na5 Re7 27. Rfe3 Nd5 28. Re4 Nc3 29. Rc4 Rd3 30. Kf2 1/2-1/2

[Event "DMP Ekstraliga 2020"]
[Site "Krakow"]
[Date "2020.08.31"]
[Round "6.21"]
[White "Markowski, Tomasz"]
[Black "Hnydiuk, Aleksander"]
[Result "1-0"]
[ECO "A34"]
[WhiteElo "2548"]
[BlackElo "2411"]
[Annotator "ChessBase"]
[PlyCount "87"]
[EventDate "2020.08.26"]
[EventType "team-tourn"]
[EventCountry "POL"]
[SourceTitle "playchess.com"]
[Source "ChessBase"]
[SourceQuality "1"]
[WhiteTeam "Silesia Raciborz"]
[BlackTeam "Wieza Pegow"]
[TimeControl "30/5400+30:1800+30"]

1. c4 Nf6 2. g3 c5 3. Bg2 d5 4. cxd5 Nxd5 5. Nc3 Nc7 6. Qb3 Nc6 7. Bxc6+ bxc6 8. Nf3 f6 9. d3 e5 10. Qa4 Qd7 11. Be3 Rb8 12. O-O Ne6 13. b3 Be7 14. Rac1 Nd4 15. Bxd4 cxd4 16. Ne4 Rb5 17. Rc2 Bb7 18. Rfc1 Qd5 19. Qc4 Ba3 20. Qxd5 Rxd5 21. Rb1 a5 22. Nfd2 Kf7 23. b4 Ba8 24. Nc4 Bxb4 25. Nb6 Rb5 26. Nxa8 Rxa8 27. Rxc6 Rab8 28. a4 R5b6 29. Rc7+ Kg6 30. g4 Bf8 31. Rxb6 Rxb6 32. Ra7 Rb2 33. Ng3 Bb4 34. Nf5 Bf8 35. Ng3 Bb4 36. Kf1 Rb1+ 37. Kg2 Rb2 38. Kf3 Ra2 39. Nf5 Bf8 40. Rxa5 h5 41. h3 e4+ 42. dxe4 Ra3+ 43. Kg2 hxg4 44. hxg4 1-0

[Event "DMP Ekstraliga 2020"]
[Site "Krakow"]
[Date "2020.08.31"]
[Round "6.22"]
[White "Zilka, Stepan"]
[Black "Krzyzanowski, Marcin"]
[Result "1-0"]
[ECO "E71"]
[WhiteElo "2564"]
[BlackElo "2518"]
[Annotator "ChessBase"]
[PlyCount "91"]
[EventDate "2020.08.26"]
[EventType "team-tourn"]
[EventCountry "POL"]
[SourceTitle "playchess.com"]
[Source "ChessBase"]
[SourceQuality "1"]
[WhiteTeam "Wieza Pegow"]
[BlackTeam "Silesia Raciborz"]
[TimeControl "30/5400+30:1800+30"]

1. d4 Nf6 2. c4 g6 3. Nc3 Bg7 4. e4 d6 5. h3 O-O 6. Be3 c5 7. d5 e6 8. Bd3 exd5 9. exd5 Na6 10. Nf3 Nc7 11. a4 Na6 12. O-O Nb4 13. Bb1 Re8 14. Ra3 a6 15. Qd2 Bd7 16. Bg5 Qc7 17. Qf4 Nh5 18. Qh2 f5 19. Kh1 Rab8 20. Rg1 Nf6 21. Bf4 Bf8 22. a5 b5 23. axb6 Rxb6 24. Nd1 Bg7 25. Bc1 Rbb8 26. Ne3 Re7 27. g4 fxg4 28. Nxg4 Nxg4 29. hxg4 Rbe8 30. Bf4 Be5 31. Bxe5 dxe5 32. Ng5 Qb6 33. Rh3 Qf6 34. Ne4 Qf8 35. Nxc5 Qf4 36. Be4 Rc8 37. Qxf4 exf4 38. Nxd7 Rxd7 39. b3 a5 40. Ra1 Rc5 41. Rf3 Rf7 42. Kg2 Kf8 43. Rc3 Ke7 44. Rcc1 Kd6 45. Re1 Na6 46. Bxg6 1-0

[Event "DMP Ekstraliga 2020"]
[Site "Krakow"]
[Date "2020.08.31"]
[Round "6.23"]
[White "Jakubowski, Krzysztof"]
[Black "Plat, Vojtech"]
[Result "1/2-1/2"]
[ECO "B00"]
[WhiteElo "2481"]
[BlackElo "2566"]
[Annotator "ChessBase"]
[PlyCount "36"]
[EventDate "2020.08.26"]
[EventType "team-tourn"]
[EventCountry "POL"]
[SourceTitle "playchess.com"]
[Source "ChessBase"]
[SourceQuality "1"]
[WhiteTeam "Silesia Raciborz"]
[BlackTeam "Wieza Pegow"]
[TimeControl "30/5400+30:1800+30"]

1. e4 d6 2. d4 Nf6 3. f3 g6 4. Nc3 Bg7 5. Be3 Nc6 6. Nge2 e5 7. d5 Ne7 8. Qd2 c6 9. O-O-O cxd5 10. exd5 Nf5 11. g4 Nxe3 12. Qxe3 Qb6 13. Qxb6 axb6 14. Kb1 Bd7 15. Ng3 Ke7 16. h4 h6 17. Bb5 Ra5 18. Bxd7 Kxd7 1/2-1/2

[Event "DMP Ekstraliga 2020"]
[Site "Krakow"]
[Date "2020.08.31"]
[Round "6.24"]
[White "Majdan, Joanna"]
[Black "Worek, Joanna"]
[Result "0-1"]
[ECO "B67"]
[WhiteElo "2325"]
[BlackElo "2326"]
[Annotator "ChessBase"]
[PlyCount "110"]
[EventDate "2020.08.26"]
[EventType "team-tourn"]
[EventCountry "POL"]
[SourceTitle "playchess.com"]
[Source "ChessBase"]
[SourceQuality "1"]
[WhiteTeam "Wieza Pegow"]
[BlackTeam "Silesia Raciborz"]
[TimeControl "30/5400+30:1800+30"]

1. e4 c5 2. Nf3 Nc6 3. d4 cxd4 4. Nxd4 Nf6 5. Nc3 d6 6. Bg5 e6 7. Qd2 a6 8. O-O-O Bd7 9. f4 b5 10. Bxf6 gxf6 11. Kb1 Qb6 12. Nce2 b4 13. h4 h5 14. Rh3 a5 15. Qe1 Rc8 16. Rhd3 a4 17. Nxc6 Bxc6 18. Nd4 Qc5 19. Nxc6 Rxc6 20. c3 Bh6 21. Qd2 b3 22. a3 Ke7 23. Rd4 Bxf4 24. Qe2 Rg8 25. Rxa4 Rg3 26. Rad4 Be5 27. R4d3 Rg4 28. g3 Rc8 29. Bh3 Rxg3 30. Qxh5 Qf2 31. R3d2 Qe3 32. Bf1 Qxe4+ 33. Bd3 Qf4 34. Qe2 Rh3 35. Ba6 Rb8 36. h5 Qf5+ 37. Ka1 d5 38. h6 Qf4 39. h7 Rxh7 40. Rf1 Qg3 41. Rd3 Rh2 42. Rxg3 Rxe2 43. Bxe2 Bxg3 44. c4 d4 45. Kb1 f5 46. a4 Bc7 47. c5 f4 48. Kc1 e5 49. Bd3 Ra8 50. Bb5 Ba5 51. Rf3 Rc8 52. c6 Kd6 53. Rxb3 e4 54. Rh3 f3 55. Rh5 e3 0-1

[Event "DMP Ekstraliga 2020"]
[Site "Krakow"]
[Date "2020.08.31"]
[Round "6.25"]
[White "Matuszewski, Michal"]
[Black "Kempinski, Robert"]
[Result "1/2-1/2"]
[ECO "A41"]
[WhiteElo "2508"]
[BlackElo "2568"]
[Annotator "ChessBase"]
[PlyCount "33"]
[EventDate "2020.08.26"]
[EventType "team-tourn"]
[EventCountry "POL"]
[SourceTitle "playchess.com"]
[Source "ChessBase"]
[SourceQuality "1"]
[WhiteTeam "Dwie Wieze Krakow"]
[BlackTeam "Miedz Legnica"]
[TimeControl "30/5400+30:1800+30"]

1. d4 d6 2. Nf3 g6 3. c3 Nf6 4. Bg5 Nbd7 5. Nbd2 h6 6. Bh4 Bg7 7. e4 O-O 8. Be2 Nh5 9. Bg3 c5 10. Qc2 cxd4 11. cxd4 Nb8 12. O-O Nxg3 13. hxg3 Bg4 14. Rac1 Nc6 15. d5 Ne5 16. Qb3 Nd7 17. Rc2 1/2-1/2

[Event "DMP Ekstraliga 2020"]
[Site "Krakow"]
[Date "2020.08.31"]
[Round "6.26"]
[White "Heberla, Bartlomiej"]
[Black "Druska, Juraj"]
[Result "0-1"]
[ECO "A13"]
[WhiteElo "2566"]
[BlackElo "2515"]
[Annotator "ChessBase"]
[PlyCount "84"]
[EventDate "2020.08.26"]
[EventType "team-tourn"]
[EventCountry "POL"]
[SourceTitle "playchess.com"]
[Source "ChessBase"]
[SourceQuality "1"]
[WhiteTeam "Miedz Legnica"]
[BlackTeam "Dwie Wieze Krakow"]
[BlackTeamCountry "SVK"]
[TimeControl "30/5400+30:1800+30"]

1. c4 e6 2. Nf3 d5 3. e3 c6 4. d4 Bd6 5. Bd3 f5 6. O-O Nf6 7. b3 Qe7 8. Bb2 O-O 9. Nc3 Ne4 10. Ne2 Nd7 11. Ne5 Ba3 12. Bxa3 Qxa3 13. f4 Nxe5 14. fxe5 Bd7 15. Qc1 Qe7 16. Qe1 a5 17. Bxe4 dxe4 18. c5 Be8 19. Nc3 g5 20. Na4 f4 21. Nb6 Rd8 22. Nc4 Bg6 23. Nd6 h5 24. Qxa5 f3 25. g3 h4 26. Kf2 Qh7 27. g4 h3 28. Rg1 Rd7 29. Rg3 Qh4 30. Rag1 Kh7 31. Qe1 Rf4 32. Qf1 Rxg4 33. Qxh3 Bf5 34. Qxh4+ Rxh4 35. h3 g4 36. Ne8 Kh6 37. Nf6 Rf7 38. hxg4 Rh2+ 39. Kf1 Bg6 40. g5+ Kg7 41. Rg4 Rf8 42. Rf4 Rxa2 0-1

[Event "DMP Ekstraliga 2020"]
[Site "Krakow"]
[Date "2020.08.31"]
[Round "6.27"]
[White "Leniart, Arkadiusz"]
[Black "Olszewski, Michal"]
[Result "0-1"]
[ECO "B90"]
[WhiteElo "2482"]
[BlackElo "2547"]
[Annotator "ChessBase"]
[PlyCount "62"]
[EventDate "2020.08.26"]
[EventType "team-tourn"]
[EventCountry "POL"]
[SourceTitle "playchess.com"]
[Source "ChessBase"]
[SourceQuality "1"]
[WhiteTeam "Dwie Wieze Krakow"]
[BlackTeam "Miedz Legnica"]
[TimeControl "30/5400+30:1800+30"]

1. e4 c5 2. Nf3 d6 3. d4 cxd4 4. Nxd4 Nf6 5. Nc3 a6 6. h3 e6 7. g4 Nfd7 8. Bg2 Be7 9. Be3 Nc6 10. Qe2 O-O 11. O-O-O Nxd4 12. Bxd4 b5 13. e5 d5 14. f4 Bb7 15. Qf2 b4 16. Ne2 a5 17. Kb1 a4 18. Nc1 Qc7 19. h4 Rfc8 20. f5 Bc5 21. Bxc5 Nxc5 22. Rh3 Ba6 23. Re1 b3 24. f6 bxa2+ 25. Nxa2 Rab8 26. Qd4 Nd3 27. cxd3 Qc2+ 28. Ka1 a3 29. bxa3 Qxg2 30. Rhh1 Rc2 31. Nc1 Rcb2 0-1

[Event "DMP Ekstraliga 2020"]
[Site "Krakow"]
[Date "2020.08.31"]
[Round "6.28"]
[White "Bobras, Piotr"]
[Black "Nguyen, Piotr"]
[Result "1/2-1/2"]
[ECO "B36"]
[WhiteElo "2487"]
[BlackElo "2422"]
[Annotator "ChessBase"]
[PlyCount "42"]
[EventDate "2020.08.26"]
[EventType "team-tourn"]
[EventCountry "POL"]
[SourceTitle "playchess.com"]
[Source "ChessBase"]
[SourceQuality "1"]
[WhiteTeam "Miedz Legnica"]
[BlackTeam "Dwie Wieze Krakow"]
[TimeControl "30/5400+30:1800+30"]

1. e4 c5 2. Nf3 Nc6 3. d4 cxd4 4. Nxd4 g6 5. c4 Nf6 6. Nc3 d6 7. Be2 Nxd4 8. Qxd4 Bg7 9. Be3 O-O 10. Qd2 a5 11. O-O a4 12. Bd4 Qa5 13. Rad1 Bd7 14. Qe3 Bc6 15. Nd5 Bxd5 16. exd5 Rfe8 17. h4 h5 18. Bc3 Qa7 19. Bd4 Qa5 20. Bc3 Qa7 21. Bd4 Qa5 1/2-1/2